Map: Catalyst LE

Players

Kuriad

  • Race: Zerg Zerg
  • League: Platinum
  • Spawn Location: 5:00

HoTSiX - Winner!

  • Race: Zerg Zerg
  • League: Platinum
  • Spawn Location: 11:00

VOD

Have the link to the VOD?

Description

Time

  • Played on: Dec. 3, 2017, 1:27 p.m.
  • Length: 11:11
Show
View Real Time Build Order
Export as new Build Order

Kuriad Zerg 

Build Orders: Hatch First 

Get SALT Encoding   

  12  0:03  Drone  
  13  0:14  Overlord  
  13  0:22  Drone  
  14  0:34  Drone x2  
  16  0:37  Drone  
  17  0:52  Drone  
  17  0:55  Extractor  
  17  1:04  Hatchery  
  16  1:17  Drone  
  17  1:21  Spawning Pool  
  17  1:25  Drone x2  
  18  1:37  Drone  
  19  1:41  Overlord  
  19  1:52  Drone  
  20  2:08  Metabolic Boost  
  20  2:10  Queen  
  20  2:12  Zergling x2  
  23  2:20  Zergling x2  
  23  2:21  Zergling x2  
  25  2:26  Baneling Nest  
  24  2:31  Queen  
  26  2:53  Drone x3  
  26  2:54  Drone x3  
  32  3:09  Evolution Chamber  
  31  3:17  Drone x4  
  35  3:26  Spine Crawler  
  34  3:36  Overlord  
  34  3:45  Drone x2  
  36  3:53  Zerg Missile Weapons Level 1  
  36  3:57  Drone x5  
  36  3:58  Drone x2, Roach Warren  
  41  4:13  Drone x2  
  41  4:15  Extractor  
  42  4:17  Extractor  
  41  4:24  Drone  
  41  4:25  Drone  
  41  4:27  Extractor  
  42  4:36  Lair  
  42  4:55  Drone  
  42  4:56  Overlord  
  42  4:57  Overlord x2  
  43  5:12  Overlord x2  
  43  5:36  Zergling x4  
  45  5:46  Spire, Roach  
  45  5:47  Roach x6  
  58  6:23  Hatchery  
  57  6:31  Overlord  
  57  6:42  Roach x3  
  59  6:58  Roach x5  
  59  6:59  Roach x6  
  59  7:00  Roach, Queen  
  85  7:23  Mutalisk x3  
  85  7:25  Overlord x4  
  91  7:34  Drone x2, Queen  
  91  7:35  Drone  
  93  7:53  Mutalisk x4  
  100  8:04  Mutalisk  
  100  8:05  Mutalisk  
  104  8:20  Mutalisk  
  104  8:31  Zergling x8  
  108  8:41  Zergling x2  
  108  8:42  Zergling x2  
  108  9:06  Mutalisk x3  
  102  9:19  Mutalisk  
  102  9:21  Zergling x10  
  102  9:22  Zergling x2  
  108  9:28  Zergling x2  
  108  9:29  Zergling x6  
  108  9:34  Zergling x2  
  91  9:49  Zergling x6  
  91  9:51  Mutalisk  
  91  10:04  Zergling x4  
  78  10:28  Zergling x6  
  78  10:29  Zergling x8  
  70  10:43  Zergling x2  
  70  10:44  Zergling x4  
Show
View Real Time Build Order
Export as new Build Order

HoTSiX Zerg - Winner!

Build Orders: Pool First 

Get SALT Encoding   

  12  0:00  Drone  
  13  0:13  Overlord  
  13  0:17  Drone  
  14  0:31  Drone x2  
  14  0:35  Drone  
  17  0:46  Spawning Pool  
  17  0:49  Drone  
  17  1:11  Hatchery  
  17  1:15  Drone  
  17  1:18  Drone  
  18  1:21  Extractor  
  18  1:22  Drone  
  18  1:33  Queen  
  20  1:41  Overlord  
  20  1:46  Zergling x2  
  21  1:50  Zergling x2  
  22  2:00  Drone  
  23  2:09  Queen  
  23  2:12  Drone  
  26  2:22  Drone  
  27  2:24  Metabolic Boost  
  27  2:27  Queen  
  29  2:30  Drone  
  30  2:37  Overlord  
  30  2:44  Drone x2  
  32  2:52  Drone  
  32  2:54  Spine Crawler  
  32  3:00  Spine Crawler  
  31  3:12  Baneling Nest  
  30  3:14  Drone x2  
  30  3:15  Drone  
  30  3:17  Drone  
  30  3:19  Drone  
  35  3:22  Drone  
  35  3:36  Drone x3  
  35  3:39  Zergling x6  
  40  3:53  Hatchery  
  39  4:00  Drone x2  
  41  4:10  Drone x2  
  41  4:11  Overlord  
  41  4:12  Overlord x2  
  43  4:39  Hatchery  
  43  4:41  Lair  
  43  4:43  Extractor  
  41  4:46  Drone x3, Roach Warren  
  43  5:03  Drone x2  
  43  5:04  Drone x6  
  43  5:05  Drone  
  52  5:08  Baneling  
  52  5:18  Extractor  
  51  5:24  Zergling x6  
  54  5:33  Evolution Chamber x2  
  52  5:40  Extractor, Drone x3  
  52  5:42  Drone x2  
  56  5:45  Drone  
  56  5:46  Drone x3  
  56  5:48  Drone x3  
  63  5:51  Overlord  
  63  5:52  Queen  
  65  6:04  Zerg Missile Weapons Level 1, Zerg Ground Armor Level 1  
  65  6:07  Drone x2  
  65  6:08  Drone x2, Overlord  
  69  6:24  Extractor, Drone x3  
  71  6:37  Hatchery  
  68  6:42  Drone x5  
  68  6:43  Drone x2  
  74  6:48  Roach x5  
  74  6:49  Roach  
  83  6:56  Glial Reconstitution  
  83  6:58  Centrifical Hooks  
  83  7:00  Roach  
  83  7:01  Roach x2, Overlord x2  
  93  7:22  Roach x2  
  93  7:23  Roach x5  
  93  7:24  Roach  
  93  7:25  Overlord x2  
  105  7:48  Roach  
  105  7:49  Roach x10  
  122  7:55  Roach x2  
  122  7:56  Roach x2  
  118  8:06  Roach  
  118  8:07  Roach  
  118  8:08  Roach x3  
  118  8:12  Overlord x3  
  126  8:29  Zerg Missile Weapons Level 2, Zerg Ground Armor Level 2  
  126  8:36  Hatchery  
  125  8:53  Hydralisk Den  
  122  9:04  Roach  
  122  9:05  Roach x6  
  122  9:06  Overlord x5  
  134  9:17  Drone x4  
  135  9:18  Overlord x3  
  135  9:19  Overlord x2  
  132  9:35  Hydralisk x2  
  132  9:36  Hydralisk x4  
  138  9:38  Hydralisk  
  106  9:55  Hydralisk x5  
  106  10:02  Hydralisk x4  
  114  10:07  Queen  
  116  10:16  Hydralisk x12  
  131  10:25  Hydralisk  
  131  10:26  Hydralisk x2  
  125  10:35  Hydralisk  
  125  10:36  Hydralisk x3  
  127  10:52  Infestation Pit  
  144  10:57  Drone  
  144  10:58  Drone x3  
Tags
 
Add a new tag
Caveats
  • Supply blocks, unpowered buildings, or Contaminate may cause inaccurate times.
  • Supply counts are checked every 10 seconds.